 Dungeon Crawl Stone Soup version 0.31-a0-237-g2d982f9f85 (webtiles) character file.

Game seed: 12157378471454071413

652 qw the Shooter (level 7, -10/43 HPs)
             Began as a Gargoyle Hexslinger on July 11, 2023.
             Mangled by an orc warrior
             ... wielding a +0 scimitar
              (15 damage)
             ... on level 4 of the Dungeon.
             The game lasted 00:01:31 (2644 turns).

qw the Shooter (Gargoyle Hexslinger)                Turns: 2644, Time: 00:01:32

Health: -10/43     AC:  7    Str: 10 (11) XL:     7   Next: 54%
Magic:  8/8        EV: 11    Int: 14      God:
Gold:   137        SH:  0    Dex: 14      Spells: 7/8 levels left

rFire   . . .        Y - +2 sling (freeze)
rCold   . . .        (no shield)
rNeg    + . .        d - +0 leather armour
rPois   inf          (no helmet)
rElec   +            (no cloak)
rCorr   .            (no gloves)
SInv    .            (no boots)
Will    .....        (no amulet)
Stlth   +            (no ring)
HPRegen 0.27/turn    (no ring)
MPRegen 0.11/turn

%: no passive effects
@: no status effects
A: sickness immunity, AC +4, negative energy resistance 1, electricity
resistance, torment resistance 1, petrification resistance, deterioration 1
a: no special abilities


You were on level 4 of the Dungeon.
You visited 1 branch of the dungeon, and saw 4 of its levels.
You also visited: Sewer.

You collected 137 gold pieces.


Innate Abilities, Weirdness & Mutations

You are immune to sickness and miasma.
Your stone body is resilient. (AC +4)
You are immune to poison.
You resist negative energy. (rN+)
You are resistant to electric shocks. (rElec)
You are resistant to unholy torment.
You are immune to petrification.
Your body sometimes deteriorates upon taking damage.


   Skills:
 - Level 4.0 Fighting
 + Level 7.3 Ranged Weapons
 - Level 1.5 Dodging
 - Level 1.0 Spellcasting
 - Level 2.6 Hexes


You had 7 spell levels left.
You knew the following spells:

 Your Spells              Type           Power      Damage    Failure   Level
a - Slow                  Hex            32%        N/A       12%         1

Your spell library contained the following spells:

 Spells                   Type           Power      Damage    Failure   Level
 Inner Flame              Hex/Fire       4%         N/A       52%         3
 Portal Projectile        Hex/Tloc       8%         N/A       52%         3
 Cause Fear               Hex            4%         N/A       75%         4

Inventory:

Hand Weapons
 Y - a +2 sling of freezing (weapon)
Armour
 d - a +0 leather armour (worn)
Scrolls
 f - a scroll of identify
Potions
 b - a potion of attraction {unknown}
 c - a potion of degeneration {unknown}
 e - a potion of lignification {unknown}
 g - 2 potions of mutation
 i - a potion of brilliance {unknown}

Dungeon Overview and Level Annotations

Branches:
Dungeon (4/15)              Sewer (visited)
 Temple: D:4-7

Altars:
Gozag
Vehumet


Message History

The orc is moderately wounded.
The orc hits you with a +4 mace of protection.
Your body deteriorates!
You feel weakened.
The orc warrior hits you with a +0 scimitar.
You shoot a sling bullet.
The sling bullet closely misses the orc.
The orc warrior hits you with a +0 scimitar.
The orc misses you.
You shoot a sling bullet.
The sling bullet closely misses the orc.
The orc warrior hits you with a +0 scimitar.
The orc hits you but does no damage.
You shoot a sling bullet.
The sling bullet hits the orc but does no damage.
The orc is moderately wounded.
The orc warrior closely misses you.
The orc hits you with a +4 mace of protection!
You shoot a sling bullet.
The sling bullet hits the orc but does no damage.
The orc is moderately wounded.
The orc warrior hits you with a +0 scimitar.
The orc hits you but does no damage.
You shoot a sling bullet.
The sling bullet closely misses the orc.
The orc warrior barely misses you. The orc closely misses you.
You shoot a sling bullet. The sling bullet hits the orc.
The sling bullet freezes the orc.
You kill the orc!
The orc warrior hits you with a +0 scimitar.
You shoot a sling bullet.
The sling bullet closely misses the orc warrior.
The orc warrior hits you with a +0 scimitar.
The ball python barely misses you. The ball python grabs you.
The ball python constricts you.
You shoot a sling bullet. The sling bullet hits the ball python!
The sling bullet freezes the ball python.
You kill the ball python!
The orc warrior misses you.
The orc warrior hits you with a +0 scimitar!
You die...

... .....##+###.#
##.### .....#......#
..... .....#......###
..$. .....#......##.#
... .....###+##.# ..
.. # ............###.
$#.#.#
.............##)#o8.$#
..........#.#.##@#
#####.....#.##))#.#
....'.....+.#######
....#.....#..
....#.....#..
#####.....#### #######


You could see an orc warrior.

Vanquished Creatures
  Sigmund (D:2)
  An ice beast (D:3)
  2 bullfrogs (Sewer)
  An orc priest (D:4)
  Jessica (D:2)
  An orc wizard (D:4)
  5 adders
  A river rat (D:3)
  A worm (D:2)
  4 dart slugs
  12 orcs
  5 endoplasms
  12 giant cockroaches
  7 goblins
  8 hobgoblins
  A jackal (D:3)
  8 quokkas
  9 ball pythons
  9 bats
  10 frilled lizards
  6 kobolds
  9 rats
114 creatures vanquished.

Notes
Turn   | Place    | Note
-------+----------+-------------------------------------------
     0 | D:1      | qw the Gargoyle Hexslinger began the quest for the Orb.
     0 | D:1      | Reached XP level 1. HP: 12/12 MP: 2/2
     0 | D:1      | 0 ||| qw: Version: 0.3-a-52-g30416fa
     0 | D:1      | 0 ||| qw: Game counter: 5752
     0 | D:1      | 0 ||| qw: Melee chars always use a shield: true
     0 | D:1      | 0 ||| qw: God list: Okawaru
     0 | D:1      | 0 ||| qw: Allow faded altars: false
     0 | D:1      | 0 ||| qw: Do Orc after clearing Dungeon:15 true
     0 | D:1      | 0 ||| qw: Do second Lair branch before Depths: true
     0 | D:1      | 0 ||| qw: Lair rune preference: random
     0 | D:1      | 0 ||| qw: Goals: Normal
     0 | D:1      | 0 ||| PLANNING D:1-11
   133 | D:1      | Reached XP level 2. HP: 16/16 MP: 3/3
   159 | D:1      | HP: 1/16 [frozen (4)]
   161 | D:1      | Reached skill level 3 in Ranged Weapons
   167 | D:1      | HP: 2/16 [bat (1)]
   288 | D:1      | Reached XP level 3. HP: 21/21 MP: 4/4
   574 | D:1      | 574 ||| UPGRADING to +0 leather armour.
   584 | D:1      | 584 ||| DROPPING +0 robe.
   585 | D:1      | 585 ||| READING scroll labelled XUYRUY YCWYLOH.
   589 | D:1      | 589 ||| READING 2 scrolls labelled DYTHRALE EDO.
   590 | D:1      | 590 ||| READING scroll labelled PATZAKHL MUIBOWIGA.
   591 | D:1      | 591 ||| READING scroll labelled VAS JEEVI.
   592 | D:1      | 592 ||| DRINKING 2 bubbling yellow potions.
   592 | D:1      | Gained mutation: Your body sometimes deteriorates upon
                  | taking damage. [potion of mutation]
   593 | D:1      | 593 ||| DROPPING scroll of poison.
   626 | D:2      | Noticed Jessica
   629 | D:2      | 629 ||| FLEEEEING.
   633 | D:2      | 633 ||| FLEEEEING.
   634 | D:2      | 634 ||| FLEEEEING.
   640 | D:2      | 640 ||| STAIRDANCE
   735 | D:2      | Killed Jessica
   736 | D:2      | Reached skill level 4 in Ranged Weapons
   736 | D:2      | Reached XP level 4. HP: 22/26 MP: 5/5
   889 | D:2      | Found a faded altar of an unknown god.
  1086 | D:2      | Noticed Sigmund
  1095 | D:2      | Killed Sigmund
  1096 | D:2      | Reached skill level 6 in Ranged Weapons
  1096 | D:2      | Reached XP level 5. HP: 22/30 MP: 6/6
  1096 | D:2      | Reached XP level 6. HP: 26/35 MP: 7/7
  1257 | D:2      | 1257 ||| READING scroll labelled PEUXKA KEITO.
  1258 | D:2      | 1258 ||| READING scroll labelled LIFFYXT CUDENO.
  1259 | D:2      | 1259 ||| READING scroll labelled JAIKOM DU VIJE.
  1287 | D:3      | 1287 ||| PLANNING SEWER
  1448 | D:3      | Found a glowing drain.
  1493 | D:3      | 1493 ||| READING scroll labelled VAEDIRH JUPOGH.
  1494 | D:3      | 1494 ||| READING scroll labelled HOELAINGEX.
  1503 | Sewer    | Entered a sewer
  1523 | Sewer    | 1523 ||| Stepping ~*~*~tactically~*~*~ (water).
  1633 | Sewer    | 1633 ||| Stepping ~*~*~tactically~*~*~ (water).
  1684 | Sewer    | Reached skill level 3 in Fighting
  1715 | Sewer    | 1715 ||| Stepping ~*~*~tactically~*~*~ (water).
  1720 | Sewer    | 1720 ||| Stepping ~*~*~tactically~*~*~ (water).
  1739 | Sewer    | 1739 ||| Stepping ~*~*~tactically~*~*~ (water).
  1863 | Sewer    | 1863 ||| Stepping ~*~*~tactically~*~*~ (water).
  1895 | Sewer    | Reached XP level 7. HP: 36/43 MP: 8/8
  1928 | Sewer    | Identified the +7 dagger of Tenacity {venom, *Corrode
                  | Int+7}
  2138 | D:3      | 2138 ||| PLANNING D:1-11
  2205 | D:3      | Found an opulent altar of Gozag.
  2300 | D:3      | Reached skill level 7 in Ranged Weapons
  2469 | D:3      | Found a radiant altar of Vehumet.
  2567 | D:3      | 2567 ||| READING scroll labelled ZOT BEOSODD.
  2609 | D:4      | 2609 ||| Stepping ~*~*~tactically~*~*~ (outnumbered).
  2611 | D:4      | 2611 ||| Stepping ~*~*~tactically~*~*~ (outnumbered).
  2642 | D:4      | HP: 9/43 [orc warrior/+0 scimitar (3)]
  2644 | D:4      | Mangled by an orc warrior

Levels and vault maps discovered:
D:1:      nzn_arrival_depleted_hourglass, layout_rooms, minmay_misc_feat_doors,
          minmay_vboxes
D:2:      layout_loops_ring, basic_ecumenical_altar, guppyfry_early_lair_pool,
          uniq_sigmund, uniq_jessica
D:3:      layout_basic, mainiacjoe_overflow_alcove_2,
          mainiacjoe_overflow_alcove_4, portal_sewer_entry_b,
          minmay_fractal_squares_5
D:4:      layout_gridville, kennysheep_mini_moat, tso_altar, minivault_24,
          chequers_serial_rivers_micro_b, guppyfry_early_orc_mine, uniq_duvessa

Skill      XL: |  1  2  3  4  5  6  7 |
---------------+----------------------+-----
Ranged Weapons | 3 4 6 7 |  7.3
Fighting       | 2 4 |  4.0
Dodging        | |  1.5
Spellcasting   | |  1.0
Hexes          | |  2.6

Action                     |  1- 3 |  4- 6 |  7- 9 || total
---------------------------+-------+-------+-------++-------
   Fire: Sling             |    80 |   232 |    72 ||   384
    Use: Scroll            |     4 |     5 |     1 ||    10
         Potion            |     1 |       |       ||     1
 Armour: Robe              |    14 |       |       ||    14
         Leather armour    |       |    47 |    12 ||    59
  Dodge: Dodged            |    21 |    82 |    24 ||   127

Table legend:
 A = Non-vault XP
 B = Vault XP
 C = Vault XP percentage of total XP
 D = Non-vault monster count
 E = Vault monster count
 F = Vault count percentage of total count
                 A         B        C        D         E       F
            +---------+---------+-------+---------+---------+-------
      Total |     272 |     661 |  70.8 |      65 |      49 |  43.0
            +---------+---------+-------+---------+---------+-------
        D:1 |      44 |      11 |  20.0 |      25 |       6 |  19.4
        D:2 |      60 |     263 |  81.4 |      20 |       2 |   9.1
        D:3 |     167 |      30 |  15.2 |      19 |      10 |  34.5
        D:4 |       1 |      89 |  98.9 |       1 |       6 |  85.7
      Sewer |       0 |     268 | 100.0 |       0 |      25 | 100.0
            +---------+---------+-------+---------+---------+-------
